Map: Radhuset Station LE

Players

Drewski - Winner!

  • Race: Terran Terran
  • League: Platinum
  • Spawn Location: 7:00

Subwayeatn

  • Race: Zerg Zerg
  • League: Platinum
  • Spawn Location: 1:00

VOD

Have the link to the VOD?

Description

Time

  • Played on: Nov. 4, 2023, 1:49 p.m.
  • Length: 18:06
Show
View Real Time Build Order
Export as new Build Order

Drewski Terran - Winner!

Build Orders:  

Get SALT Encoding   

  12  0:00  SCV  
  13  0:12  SCV  
  14  0:18  Supply Depot  
  14  0:24  SCV  
  15  0:30  Refinery  
  15  0:41  Barracks  
  15  0:44  SCV  
  16  0:57  SCV  
  17  1:08  Refinery  
  17  1:09  SCV  
  18  1:21  SCV  
  19  1:29  Reaper  
  20  1:36  SCV  
  21  1:47  Factory  
  21  1:50  Orbital Command  
  21  2:00  Supply Depot  
  21  2:10  Barracks Reactor  
  21  2:17  SCV  
  22  2:30  Command Center  
  22  2:52  SCV  
  22  2:57  Starport  
  22  2:58  Marine x2  
  24  2:59  Factory Tech Lab  
  24  3:04  Supply Depot  
  25  3:08  SCV  
  26  3:20  SCV  
  26  3:44  Siege Tank  
  29  3:52  Orbital Command  
  29  3:53  Barracks Reactor, SCV  
  30  4:05  Fusion Core, Starport  
  30  4:06  Liberator  
  33  4:13  Orbital Command  
  33  4:16  Refinery  
  33  4:22  Liberator  
  36  4:27  Hellion  
  38  4:34  Marine x2  
  38  4:37  SCV  
  41  4:39  SCV  
  42  4:49  Starport Tech Lab, SCV  
  42  4:50  Engineering Bay  
  43  4:57  Siege Tank  
  46  5:01  SCV x2  
  48  5:08  Refinery  
  48  5:13  SCV  
  49  5:17  SCV  
  45  6:13  Liberator x2  
  51  6:20  Battlecruiser  
  51  6:25  Weapon Refit  
  57  6:29  Command Center  
  57  6:30  Supply Depot  
  57  6:34  SCV x2  
  59  6:46  Supply Depot  
  59  6:47  Supply Depot  
  59  6:53  Supply Depot  
  59  6:54  Marine x2  
  59  6:55  Starport  
  59  6:59  SCV x2  
  60  7:11  SCV  
  60  7:12  SCV  
  60  7:13  Siege Tank  
  60  7:14  Supply Depot  
  65  7:21  Viking x2  
  71  7:31  Battlecruiser  
  75  7:38  Marine x2  
  75  7:40  Starport Tech Lab  
  77  7:46  Armory  
  77  7:56  Orbital Command  
  77  8:09  Battlecruiser  
  77  8:12  Widow Mine  
  85  8:18  Viking x2  
  89  8:33  Widow Mine  
  91  8:42  Marine x2  
  91  8:45  Battlecruiser  
  99  8:50  SCV x2  
  99  8:51  Orbital Command  
  102  9:02  Refinery  
  101  9:03  SCV x2  
  101  9:09  Supply Depot, Refinery  
  103  9:14  Battlecruiser  
  109  9:21  SCV x3  
  106  9:32  Supply Depot  
  106  9:48  Marine x2  
  106  9:49  Battlecruiser  
  106  9:50  Factory  
  114  9:55  Supply Depot  
  114  10:01  Missile Turret  
  114  10:21  Command Center  
  114  10:24  Missile Turret  
  114  10:28  Battlecruiser  
  120  10:30  Viking x2  
  120  10:34  Terran Ship Weapons Level 1  
  124  10:45  Missile Turret  
  124  10:47  Missile Turret, Marine x2  
  126  10:50  Missile Turret  
  126  10:56  Thor  
  132  11:01  Supply Depot  
  132  11:05  Marine x2  
  134  11:18  Battlecruiser  
  140  11:23  Supply Depot  
  140  11:39  Factory Reactor  
  134  11:40  Thor  
  140  11:51  Marine x2  
  142  11:57  Viking  
  144  12:03  Armory  
  144  12:05  Orbital Command  
  144  12:08  Marine  
  144  12:09  Marine  
  144  12:10  SCV  
  144  12:11  SCV  
  148  12:23  SCV x2  
  148  12:26  Thor, Marine x2  
  158  12:54  Refinery  
  158  13:02  Missile Turret  
  158  13:05  Viking x2  
  158  13:10  Hellbat x2  
  166  13:12  Thor  
  166  13:14  Terran Vehicle And Ship Armor Level 1  
  166  13:17  Terran Vehicle Weapons Level 1  
  172  13:24  Missile Turret  
  172  13:35  Hellbat x2  
  172  13:36  Battlecruiser  
  172  13:38  SCV x3  
  185  13:50  SCV  
  186  14:02  Missile Turret  
  186  14:08  Command Center  
  186  14:22  Cyclone  
  186  14:23  Missile Turret  
  188  14:31  Terran Infantry Weapons Level 1  
  188  14:39  Cyclone  
  189  14:58  Marine  
  189  15:24  Hellbat x2, Marine x2  
  195  15:34  Command Center  
  195  15:38  Command Center  
  195  15:41  Marine x2  
  193  15:52  Thor  
  153  15:59  Marine x2  
  153  16:05  Cyclone  
  153  16:06  Cyclone  
  157  16:11  Battlecruiser x2  
  157  16:17  Marine x2  
  171  16:35  Thor, Marine x2  
  171  16:38  Cyclone x2  
  183  16:53  Marine  
  178  17:10  Hellion x2  
  164  17:17  Thor  
  164  17:21  Marine x2  
  137  17:31  Hellion x2  
  141  17:39  Marine x2  
Show
View Real Time Build Order
Export as new Build Order

Subwayeatn Zerg 

Build Orders: Hatch First 

Get SALT Encoding   

  12  0:00  Drone  
  13  0:12  Overlord  
  13  0:17  Drone  
  14  0:30  Drone x2  
  16  0:49  Hatchery  
  15  0:54  Drone  
  15  0:55  Drone  
  17  1:00  Drone  
  18  1:04  Extractor  
  17  1:16  Spawning Pool  
  16  1:19  Drone  
  16  1:23  Drone  
  18  1:44  Drone x2  
  20  1:49  Drone  
  21  2:03  Queen  
  21  2:04  Queen  
  21  2:05  Zergling x4  
  27  2:10  Metabolic Boost  
  27  2:14  Overlord  
  26  2:59  Queen  
  26  3:01  Drone x6  
  34  3:38  Overlord  
  34  3:39  Drone  
  35  3:41  Extractor  
  35  3:46  Hatchery  
  33  3:49  Overlord  
  33  4:03  Burrow  
  33  4:05  Drone x2  
  33  4:07  Overlord  
  33  4:09  Drone  
  36  4:27  Drone  
  37  4:31  Queen  
  37  4:36  Zergling x10  
  37  4:37  Zergling x2  
  45  4:48  Spore Crawler  
  45  4:50  Spore Crawler  
  43  4:56  Spore Crawler  
  43  4:59  Overlord  
  42  5:01  Overlord  
  42  5:03  Overlord  
  42  5:20  Drone x3  
  45  5:24  Drone x4  
  45  5:25  Drone x4, Baneling Nest  
  51  5:39  Spore Crawler  
  50  5:42  Spore Crawler  
  50  5:45  Spore Crawler  
  48  6:00  Lair  
  48  6:02  Drone x2, Spore Crawler  
  48  6:03  Drone x8  
  56  6:13  Overlord  
  56  6:22  Queen  
  56  6:24  Drone x3  
  56  6:25  Drone x3  
  64  6:34  Extractor  
  64  6:36  Drone  
  64  6:37  Drone x3, Extractor  
  66  6:50  Pneumatized Carapace  
  66  7:01  Spire  
  66  7:02  Drone x2  
  66  7:03  Drone x9  
  66  7:06  Infestation Pit  
  75  7:10  Overseer  
  75  7:12  Overseer  
  75  7:14  Overseer  
  75  7:15  Overseer  
  75  7:35  Extractor  
  75  7:36  Extractor, Centrifugal Hooks  
  73  7:41  Drone x3  
  76  7:48  Overlord x3  
  76  8:20  Corruptor  
  76  8:21  Corruptor x6  
  86  8:40  Zergling x18  
  86  8:41  Zergling x6  
  97  8:50  Overlord x2  
  97  8:52  Zerg Flyer Weapons Level 1  
  97  8:55  Overlord x3  
  97  9:04  Overlord x3  
  97  9:09  Drone  
  98  9:10  Drone x3  
  101  9:18  Zergling x8  
  105  9:48  Corruptor x4  
  105  9:51  Zergling x2  
  105  9:52  Zergling x14  
  121  9:54  Baneling x7  
  121  9:55  Baneling x2  
  121  9:58  Hatchery  
  112  10:23  Corruptor  
  112  10:24  Corruptor x9  
  132  10:37  Hive  
  132  10:44  Overlord x3  
  132  10:59  Extractor  
  132  11:00  Extractor  
  130  11:06  Spore Crawler  
  130  11:07  Spore Crawler  
  130  11:09  Spore Crawler, Corruptor x2  
  130  11:10  Spore Crawler, Corruptor x4  
  138  11:16  Spore Crawler  
  138  11:17  Spore Crawler  
  136  11:19  Spore Crawler  
  136  11:21  Queen  
  136  11:40  Drone x14  
  149  11:53  Zerg Flyer Weapons Level 2  
  149  11:55  Adrenal Glands  
  149  12:05  Overseer, Evolution Chamber  
  148  12:19  Overlord x5  
  148  12:20  Overlord  
  144  12:47  Zergling x24  
  144  12:48  Zergling x4  
  158  13:01  Overlord x3  
  182  13:30  Drone  
  183  13:38  Spore Crawler x2  
  183  13:39  Drone x3, Spore Crawler  
  183  13:40  Drone x2  
  185  13:41  Spore Crawler  
  185  13:45  Baneling x4  
  185  13:46  Baneling x5  
  183  14:03  Baneling x2  
  183  14:04  Baneling x5  
  183  14:18  Zergling x18  
  183  14:19  Zergling x4  
  194  14:43  Baneling  
  194  14:44  Baneling  
  194  14:45  Baneling x2  
  194  14:50  Drone x2  
  192  15:15  Extractor, Hatchery  
  192  15:17  Extractor, Baneling  
  192  15:18  Baneling x25  
  192  15:21  Corruptor x5  
  135  16:06  Corruptor  
  135  16:07  Corruptor x9  
  155  16:30  Corruptor x7  
  133  16:49  Baneling  
  133  16:50  Queen  
  130  17:02  Zergling x2  
  130  17:03  Zergling x28  
  101  17:25  Zergling x2  
  101  17:26  Zergling x28  
  89  17:41  Zergling x4  
  89  17:42  Zergling x4  
Tags
 
Add a new tag
Caveats
  • Supply blocks, unpowered buildings, or Contaminate may cause inaccurate times.
  • Supply counts are checked every 10 seconds.